 Dungeon Crawl Stone Soup version 0.31-a0-1338-gb567cfdca4 (webtiles) character file.

Game seed: 17476070070693817519

968 grandjackal the Trooper (level 8, 0/61 HPs)
             Began as a Djinni Delver on Dec 22, 2023.
             Was an Initiate of Ru.
             Slain by Duvessa
             ... wielding a +0 rapier of electrocution
              (16 damage)
             ... on level 5 of the Dungeon.
             The game lasted 00:08:23 (5434 turns).

grandjackal the Trooper (Djinni Delver)             Turns: 5434, Time: 00:08:24

Health: 0/61       AC:  6    Str: 11    XL:     8   Next: 38%
Gold:   78         EV: 12    Int: 18    God:    Ru [......] SH:  0 Dex: 14

rFire   + + .        s - +0 spear (venom)
rCold   . . .        (no shield)
rNeg    . . .        b - +0 leather armour
rPois   ∞            (no helmet)
rElec   .            (no cloak)
rCorr   .            q - +2 pair of gloves
SInv    .            (boots unavailable)
Will    .....        (no amulet) Stlth
                     t - ring of Ipheiv {rC+ Int+3}
HPRegen 0.30/turn    (no ring)
MPRegen 0.00/turn

%: infuse magic (-1 HP)
@: flying
A: sickness immunity, fire resistance 2, cold vulnerability 1, no stealth,
float, innate caster, HP casting, extra vitality 1
a: Renounce Religion


You were on level 5 of the Dungeon.
You worshipped Ru.
Ru was noncommittal.
You visited 1 branch of the dungeon, and saw 5 of its levels.

You collected 218 gold pieces.
You spent 140 gold pieces at shops.

Inventory:

Hand Weapons
 s - a +0 spear of venom (weapon)
Armour
 b - a +0 leather armour (worn)
 q - a +2 pair of gloves (worn)
Jewellery
 t - the ring of Ipheiv (left hand) {rC+ Int+3}
   (You bought it in a shop on level 5 of the Dungeon)

   [ring of protection from cold]

   Int+3:     It affects your intelligence (+3).
   rC+:       It protects you from cold.
 v - a +4 ring of slaying
Wands
 a - a wand of roots (7)
 g - a wand of digging (3)
Scrolls
 c - a scroll of fog
 d - 2 scrolls of revelation
 e - 2 scrolls of fear
 h - 6 scrolls of identify {unknown}
 i - 2 scrolls of enchant armour {unknown}
 l - a scroll of enchant weapon {unknown}
 n - a scroll of amnesia {unknown}
 o - a scroll of butterflies {unknown}
 u - a scroll of teleportation {unknown}
Potions
 f - 2 potions of haste
 j - a potion of curing
 k - 3 potions of cancellation {unknown}
 m - a potion of might {unknown}
 p - a potion of attraction {unknown}
 r - a potion of lignification {unknown}


   Skills:
 + Level 6.0 Fighting
 - Level 1.5(3.1) Polearms
 + Level 4.5(4.7) Staves
 - Level 2.1 Dodging
 + Level 3.8 Spellcasting
 + Level 3.8 Conjurations
 + Level 3.8 Hexes
   Level 0.0 Charms
 + Level 3.8 Summonings
 + Level 3.8 Necromancy
 + Level 3.8 Translocations
   Level 0.0 Transmutations
 + Level 3.8 Fire Magic
 + Level 3.8 Ice Magic
 + Level 3.8 Air Magic
 + Level 3.8 Earth Magic
 + Level 3.8 Alchemy


You knew the following spells:

 Your Spells              Type           Power      Damage    Failure   Level
a - Necrotise             Necr           68%        1d7       4%          1
b - Mercury Vapours       Alch/Air       34%        N/A       6%          2
c - Confusing Touch       Hex            17%        N/A       12%         3
Your spell library was empty.

Dungeon Overview and Level Annotations

Branches:
Dungeon (5/15)             Temple (0/1) D:5

Altars:
Fedhas
Ru
Wu Jian
Yredelemnul

Shops:
D:5 *[

Annotations:
D:5 exclusion: 2 doors, Dowan, Duvessa


Innate Abilities, Weirdness & Mutations

You are immune to sickness and miasma.
You are immune to poison.
Your flesh is very heat resistant. (rF++)
You are vulnerable to cold. (rC-)
You cannot be stealthy.
You float through the air rather than walking.
You learn spells naturally, not from books.
Your magical power is your life essence.
You have superior vitality. (+4 MHP)


Message History

Casting: Mercury Vapours (safe; 6% risk of failure)
Confirm with . or Enter, or press ? or * to list all spells.
Aiming: Mercury Vapours (safe; 6% risk of failure)
Press: ? - help, Dir - move target, f/p - Duvessa
Aim: Duvessa, wielding a +0 rapier of electrocution and wearing a +0 ring mail (lightly wounded, very poisoned, weak, chance to weaken: 96%) Fumes of mercury billow around Duvessa!
Duvessa looks even sicker.
Duvessa looks even weaker.
Dowan hits you with a +4 dagger of speed. x2
Casting: Mercury Vapours (safe; 6% risk of failure)
Confirm with . or Enter, or press ? or * to list all spells.
Aiming: Mercury Vapours (safe; 6% risk of failure)
Press: ? - help, Dir - move target, f/p - Duvessa
Aim: Duvessa, wielding a +0 rapier of electrocution and wearing a +0 ring mail (lightly wounded, very poisoned, weak, chance to weaken: 96%) Fumes of mercury billow around Duvessa!
Duvessa looks as sick as possible!
Duvessa looks even weaker.
Dowan looks weaker.
Unknown command.
Dowan points at Duvessa and mumbles some strange words.
Duvessa seems to speed up.
Your magical contamination has completely faded away.
Duvessa attacks as she pursues you!
Duvessa hits you with a +0 rapier of electrocution.
You are electrocuted!
* * * LOW HITPOINT WARNING * * *
Duvessa hits you with a +0 rapier of electrocution.
* * * LOW HITPOINT WARNING * * *
Duvessa attacks as she pursues you! Duvessa hits you but does no damage.
Dowan attacks as he pursues you! Dowan barely misses you.
Duvessa hits you but does no damage.
You are electrocuted!
* * * LOW HITPOINT WARNING * * *
It was a potion of curing.
You feel better. Duvessa hits you but does no damage.
Dowan casts a spell at you. The puff of flame hits you. You resist.
* * * LOW HITPOINT WARNING * * *
Duvessa closely misses you.
You feel better.
Duvessa hits you with a +0 rapier of electrocution!
* * * LOW HITPOINT WARNING * * *
You are electrocuted!
You die...

#........#.## #.#.#...# #
#........#..####...###### #
#........##.............####
#........####...........##..
#.......%...##...........#.#
#...........##...........+.#
######......##..........##.#
#......##..........##..
#.....@##....###.######
#....ee##....# #..####.
#......##....####...###
#......##....#.......##
#......##....#........#
...##......##....#......#.#
...........##....#......#..
...........###..........##.
.......$...# #..........##>


You could see Duvessa (fast, very poisoned, weak) and Dowan (weak).

Vanquished Creatures
  Grinder (D:5)
  An ice beast (D:5)
  A centaur (D:5)
  2 scorpions (D:5)
  3 hounds (D:5)
  An orc priest (D:3)
  4 iguanas
  An orc wizard (D:3)
  6 gnolls
  6 adders
  A river rat (D:3)
  5 worms
  4 dart slugs
  8 orcs
  8 ball pythons
  7 endoplasms
  3 giant cockroaches
  8 goblins
  4 hobgoblins
  2 quokkas
  3 bats
  A frilled lizard (D:1)
  7 kobolds
  6 rats
93 creatures vanquished.

Vanquished Creatures (collateral kills)
  A gnoll (D:5)
  A ball python (D:3)
2 creatures vanquished.

Grand Total: 95 creatures vanquished

Notes
Turn   | Place    | Note
-------+----------+-------------------------------------------
     0 | D:5      | grandjackal the Djinni Delver began the quest for the Orb.
     0 | D:5      | Reached XP level 1. HP: 20/20 MP: 0/0
   207 | D:1      | Reached XP level 2. HP: 25/25 MP: 0/0
   752 | D:1      | Reached skill level 1 in Staves
   789 | D:1      | Reached XP level 3. HP: 29/30 MP: 0/0
   789 | D:1      | Learned a level 1 spell: Necrotise
   937 | D:2      | Reached skill level 1 in Spellcasting
   937 | D:2      | Reached skill level 1 in Conjurations
   937 | D:2      | Reached skill level 1 in Hexes
   937 | D:2      | Reached skill level 1 in Summonings
   937 | D:2      | Reached skill level 1 in Necromancy
   937 | D:2      | Reached skill level 1 in Translocations
   937 | D:2      | Reached skill level 1 in Fire Magic
   937 | D:2      | Reached skill level 1 in Ice Magic
   937 | D:2      | Reached skill level 1 in Air Magic
   937 | D:2      | Reached skill level 1 in Earth Magic
   937 | D:2      | Reached skill level 1 in Alchemy
  1256 | D:2      | Reached XP level 4. HP: 7/36 MP: 0/0
  1442 | D:2      | Found a sacrificial altar of Ru.
  1457 | D:2      | Became a worshipper of Ru the Awakened
  2212 | D:3      | Found a blossoming altar of Fedhas.
  2212 | D:3      | Found a basalt altar of Yredelemnul.
  2268 | D:3      | Reached skill level 4 in Fighting
  2268 | D:3      | Reached XP level 5. HP: 34/41 MP: 0/0
  2268 | D:3      | Learned a level 2 spell: Mercury Vapours
  2537 | D:3      | Reached XP level 6. HP: 32/47 MP: 0/0
  2997 | D:3      | Found an ornate altar of the Wu Jian Council.
  3225 | D:4      | Gained mutation: You cannot be stealthy. [Ru sacrifice]
  4325 | D:5      | Reached XP level 7. HP: 41/53 MP: 0/0
  4325 | D:5      | Learned a level 3 spell: Confusing Touch
  4432 | D:5      | Found Heneq's Assorted Antiques.
  4449 | D:5      | Bought a brightly glowing lead ring for 100 gold pieces
  4449 | D:5      | Identified the ring of Ipheiv {rC+ Int+3} (You bought it in
                  | a shop on level 5 of the Dungeon)
  4449 | D:5      | Bought a scroll labelled NISUKUC WAYFE for 20 gold pieces
  4449 | D:5      | Bought a scroll labelled VASHUCKANU for 20 gold pieces
  4511 | D:5      | Noticed Grinder
  4548 | D:5      | Paralysed by Grinder for 5 turns
  4560 | D:5      | Killed Grinder
  4561 | D:5      | Reached skill level 5 in Fighting
  4949 | D:5      | Found Xad Noqi's Armour Shop.
  4954 | D:5      | Reached XP level 8. HP: 57/61 MP: 0/0
  5018 | D:5      | Found a staircase to the Ecumenical Temple.
  5230 | D:5      | Reached skill level 6 in Fighting
  5417 | D:5      | Noticed Dowan
  5418 | D:5      | Noticed Duvessa
  5431 | D:5      | HP: 3/61 [Duvessa/+0 rapier of electrocution (9)]
  5434 | D:5      | Slain by Duvessa

Illustrated notes

Levels and vault maps discovered:
D:1:      spicycebolla_green_bress_n_ham_2, layout_basic, serial_forest,
          infiniplex_forest_lined_room_3, infiniplex_forest_zigzag_2,
          infiniplex_forest_lined_4_way, infiniplex_forest_straight_1,
          infiniplex_forest_corner_1, infiniplex_forest_clump_C
D:2:      layout_loops_ring, basic_altar
D:3:      layout_basic, nicolae_wu_jian_immortal_techniques,
          jmf_multi_god_temple, portal_sewer_entry_a,
          chequers_serial_rivers_small_a, kennysheep_doodads, minivault_27
D:4:      layout_basic, kennysheep_generic_room_3
D:5:      cheibrodos_two_vegetables, layout_basic,
          minmay_temple_entry_glassed_door, serial_shops, nicolae_shop_stone,
          shop, uniq_duvessa, uniq_grinder

Skill      XL: |  1  2  3  4  5  6  7  8 |
---------------+-------------------------+-----
Staves         | 1 2 3 4 |  4.5
Spellcasting   | 1 2 3 |  3.8
Conjurations   | 1 2 3 |  3.8
Hexes          | 1 2 3 |  3.8
Summonings     | 1 2 3 |  3.8
Necromancy     | 1 2 3 |  3.8
Translocations | 1 2 3 |  3.8
Fire Magic     | 1 2 3 |  3.8
Ice Magic      | 1 2 3 |  3.8
Air Magic      | 1 2 3 |  3.8
Earth Magic    | 1 2 3 |  3.8
Alchemy        | 1 2 3 |  3.8
Fighting       | 4 5 6 |  6.0
Stealth        | 0 |  0.0
Polearms       | |  1.5
Dodging        | |  2.1

Action                     |  1- 3 |  4- 6 |  7- 9 || total
---------------------------+-------+-------+-------++-------
  Melee: Spear             |   118 |   181 |    89 ||   388
         Punch             |       |     1 |     1 ||     2
   Cast: Necrotise         |     9 |    66 |    15 ||    90
         Mercury Vapours   |       |    22 |     6 ||    28
         Confusing Touch   |       |       |     4 ||     4
 Invoke: Sacrifice Stealth |       |     1 |       ||     1
    Use: Potion            |       |       |     2 ||     2
   Stab: Sleeping          |    10 |     1 |       ||    11
         Confused          |       |       |     4 ||     4
 Armour: Leather armour    |    36 |   124 |    63 ||   223
  Dodge: Dodged            |    51 |    90 |    58 ||   199

Table legend: (Time is in decaauts)
 A = Elapsed time spent in this place.
 B = Non-inter-level travel time spent in this place.
 C = Inter-level travel time spent in this place.
 D = Time resting spent in this place.
 E = Time spent auto-exploring this place.
 F = Levels seen in this place.
 G = Mean time per level.
                   A        B        C        D        E       F      G
               +--------+--------+--------+--------+--------+-----+--------+
         Total |   5437 |   5262 |    175 |   1388 |   2865 |   5 | 1087.4 |
       Dungeon |   5437 |   5262 |    175 |   1388 |   2865 |   5 | 1087.4 |
               +--------+--------+--------+--------+--------+-----+--------+

Top non-repeatable levels by time:
     D:2: 1312 daAuts
     D:5: 1182 daAuts
     D:4: 1139 daAuts
     D:3: 966 daAuts
     D:1: 836 daAuts
